AoeStats
← paultse

Black Forest

510337817Analyzed
4v4 RM · 2d ago on Sep 30, 2026· 56m 2s· 8 players
Game mode
Random Map
Map size
Large (8 player)
Population
200
Speed
Normal
Resources
Standard
Victory
Conquest
Starting age
Dark Age
Ending age
Imperial Age
RankedLock teamsTeams togetherTeam positionsShared explorationLock speedFull tech treeHidden civsTurbo modeCheats
Victory
Defeat
🇩🇪 Saxons · Germany
1245
+15
🇹🇷 Persians · Türkiye
1220
+16
🇳🇱 Inca · Netherlands
1211
+16
🇨🇴 Turks · Colombia
1179
+17
🇨🇦 Italians · Canada
1260
-18
🇰🇬 Hindustanis · Kyrgyzstan
1237
-17
🇨🇳 Goths · China
1179
-15
🇭🇰 Britons · Hong Kong SAR China
1164
-14
LeL.FancyPants
1:07 Loom
12:57 Feudal Age
16:38 Castle Age
16:26 Double-Bit Axe
16:22 Horse Collar
26:22 Wheelbarrow
25:33 Town Watch
27:58 Bow Saw
27:48 Heavy Plow
29:44 Gold Mining
30:45 Hand Cart
33:53 Imperial Age
31:44 Hand Cart
31:59 Forging
31:50 Scale Mail Armor
33:15 Squires
33:02 Arson
34:10 Iron Casting
33:51 Chain Mail Armor
34:14 Iron Casting
33:51 Fletching
34:01 Padded Archer Armor
34:19 Elite Skirmisher
35:30 Andean Sling
36:22 Conscription
37:00 Bodkin Arrow
37:21 Leather Archer Armor
38:07 Blast Furnace
37:32 Elite Kamayuk
38:23 Bracer
38:54 Plate Mail Armor
38:52 Ballistics
39:33 Chemistry
38:53 Fabric Shields
40:33 Ring Archer Armor
51:38 Thumb Ring
54:45 Town Patrol
Elfelo
8:58 Loom
11:05 Feudal Age
17:24 Castle Age
15:18 Double-Bit Axe
15:19 Horse Collar
16:55 Stone Mining
16:58 Gold Mining
20:41 Bow Saw
32:58 Imperial Age
31:17 Bloodlines
32:15 Wheelbarrow
31:26 Town Watch
33:48 Town Patrol
34:40 Heavy Plow
38:26 Two-Man Saw
36:56 Heavy Camel Rider
37:36 Husbandry
37:48 Artillery
40:04 Scale Barding Armor
40:09 Forging
40:16 Hand Cart
42:37 Gold Shaft Mining
43:57 Chain Barding Armor
44:12 Iron Casting
47:06 Conscription
47:32 Plate Barding Armor
47:58 Blast Furnace
49:21 Caravan
54:47 Hoardings
55:12 Elite Janissary
55:54 Padded Archer Armor
kolim
9:22 Feudal Age
9:43 Man-at-Arms
10:29 Loom
11:19 Wheelbarrow
11:19 Arson
11:27 Horse Collar
13:51 Fletching
15:20 Padded Archer Armor
16:39 Town Watch
18:22 Double-Bit Axe
19:27 Scale Mail Armor
20:54 Forging
23:45 Castle Age
22:05 Stone Mining
22:32 Gold Mining
24:17 Pikeman
25:19 Chain Mail Armor
25:41 Hand Cart
27:45 Bodkin Arrow
29:42 Bow Saw
30:21 Heavy Plow
30:58 Gold Shaft Mining
31:10 Masonry
32:27 Iron Casting
31:40 Treadmill Crane
32:23 Ballistics
33:29 Murder Holes
34:01 Fortified Wall
40:27 Leather Archer Armor
44:43 Imperial Age
44:50 Shield Wall
45:51 Conscription
48:08 Two-Man Saw
48:17 Crop Rotation
48:33 Architecture
48:21 Elite Hearth Troop
49:47 Plate Mail Armor
49:19 Bracer
50:16 Hoardings
50:39 Leather Archer Armor
51:15 Long Swordsman
51:42 Gambesons
53:12 Ring Archer Armor
53:44 Chemistry
52:50 Siege Engineers
55:35 Squires
55:01 Halberdier
55:05 Two-Handed Swordsman
55:07 Elite Varangian Guard
56:09 Guard Tower
56:04 Arrowslits
55:42 Clerical Recruitment
Dr. Watson
5:57 Loom
11:23 Feudal Age
13:13 Double-Bit Axe
18:13 Castle Age
16:09 Gold Mining
16:11 Stone Mining
16:03 Horse Collar
17:13 Forging
17:26 Scale Barding Armor
18:35 Bloodlines
22:20 Fletching
23:12 Husbandry
28:10 Heavy Plow
32:40 Imperial Age
32:29 Chain Barding Armor
33:58 Bodkin Arrow
36:03 Elite War Elephant
37:04 Conscription
41:36 Citadels
42:51 Crop Rotation
44:18 Iron Casting
43:43 Light Cavalry
47:35 Wheelbarrow
48:23 Blast Furnace
51:44 Padded Archer Armor
52:19 Plate Barding Armor
53:52 Kamandaran
55:10 Thumb Ring
54:27 Crossbowman
56:20 Leather Archer Armor
56:44 Hand Cart
a7xbast
0:54 Loom
12:36 Feudal Age
16:51 Castle Age
15:24 Double-Bit Axe
18:06 Fletching
18:51 Padded Archer Armor
29:42 Imperial Age
27:44 Horse Collar
28:14 Gold Mining
30:46 Bodkin Arrow
31:54 Capped Ram
35:49 Wheelbarrow
35:41 Leather Archer Armor
38:25 Ring Archer Armor
37:58 Bracer
38:44 Hand Cart
39:21 Scale Barding Armor
39:27 Forging
39:45 Crossbowman
41:02 Arbalester
42:51 Ballistics
43:31 Chemistry
42:58 Thumb Ring
43:21 Bow Saw
43:15 Heavy Plow
43:51 Light Cavalry
54:38 Elite Skirmisher
会做梦的懒猪
2:04 Loom
11:45 Feudal Age
15:24 Castle Age
14:10 Double-Bit Axe
14:07 Horse Collar
15:43 Wheelbarrow
16:56 Bow Saw
24:17 Pikeman
24:58 Squires
25:40 Forging
25:31 Scale Mail Armor
27:53 Hand Cart
29:46 Iron Casting
29:28 Chain Mail Armor
32:16 Imperial Age
30:34 Heavy Plow
34:59 Blast Furnace
33:21 Halberdier
35:24 Conscription
35:06 Anarchy
35:08 Perfusion
37:01 Two-Man Saw
35:47 Man-at-Arms
36:13 Elite Huskarl
36:15 Long Swordsman
36:48 Two-Handed Swordsman
37:58 Gold Mining
37:58 Stone Mining
37:47 Champion
39:41 Coinage
40:52 Banking
43:22 Crop Rotation
53:35 Caravan
54:32 Stone Shaft Mining
paultse
10:19 Feudal Age
8:40 Loom
15:41 Man-at-Arms
20:51 Fletching
28:10 Castle Age
29:22 Double-Bit Axe
34:43 Padded Archer Armor
37:17 Bodkin Arrow
37:38 Leather Archer Armor
38:55 Ballistics
40:47 Wheelbarrow
41:39 Pikeman
47:31 Imperial Age
45:43 Hand Cart
45:15 Town Watch
45:30 Crossbowman
46:03 Gambesons
46:19 Squires
46:04 Arson
46:55 Stone Mining
46:56 Gold Mining
47:42 Bow Saw
48:46 Arbalester
50:47 Chemistry
49:49 Bracer
50:20 Ring Archer Armor
50:02 Halberdier
51:53 Yeomen
53:13 Gold Shaft Mining
52:41 Scale Mail Armor
52:51 Forging
54:46 Elite Longbowman
French Connection
5:39 Loom
10:31 Feudal Age
11:05 Feudal Age
15:39 Castle Age
13:56 Double-Bit Axe
14:30 Gold Mining
16:55 Wheelbarrow
22:12 Stone Mining
25:03 Horse Collar
28:45 Imperial Age
27:54 Hand Cart
28:52 Bow Saw
29:00 Fletching
30:32 Chemistry
29:51 Bodkin Arrow
30:52 Padded Archer Armor
32:40 Leather Archer Armor
33:03 Heavy Camel Rider
34:27 Forging
35:35 Bloodlines
35:58 Shatagni
36:38 Husbandry
36:50 Imperial Camel Rider
37:51 Scale Barding Armor
38:59 Chain Barding Armor
40:48 Gold Shaft Mining
40:21 Bracer
40:52 Ring Archer Armor
43:09 Heavy Plow
45:02 Plate Barding Armor
45:03 Iron Casting
45:51 Siege Engineers
49:14 Blast Furnace
50:01 Grand Trunk Road
50:21 Conscription
49:24 Light Cavalry
54:40 Town Watch
54:26 Hussar
Connection lost

Rejoining the realm…

Still unreachable

The connection could not be restored.

Session expired

The server has moved on; the page needs a fresh start.